 Dungeon Crawl Stone Soup version 0.26-a0-597-gb535b0901c (webtiles) character file.

Game seed: 502864259275556558

540 Ge0ff the Poker (level 7, -1/57 HPs)
             Began as a Purple Draconian Abyssal Knight on Aug 26, 2020.
             Was an Elder of Lugonu.
             Succumbed to a scorpion's poison
             ... on level 5 of the Dungeon.
             The game lasted 00:06:32 (4203 turns).

Ge0ff the Poker (Purple Draconian Abyssal Knight)   Turns: 4203, Time: 00:06:33

Health: -1/57      AC:  8    Str: 13 (15) XL:     7   Next: 5%
Magic:  8/8        EV: 12    Int: 16 (17) God:    Lugonu [****..]
Gold:   129        SH:  0    Dex:  9 (12) Spells: 6/6 levels left

rFire    . . .     SeeInvis .   W - +5 spear of Articulation {flame, Int+2}
rCold    . . .     Faith    .   (no shield)
rNeg     . . .     Spirit   .   (armour unavailable)
rPois    .         Reflect  .   h - +1 hat {Int+3}
rElec    .         Harm     .   N - +0 cloak
rCorr    .                      (no gloves)
MR       +....                  (no boots)
Stlth    ++........             (no amulet)
HPRegen  0.19/turn              k - ring of stealth
MPRegen  0.11/turn              (no ring)

@: brilliant, lethally poisoned (-1 -> -23)
A: breathe power, unfitting armour, cold-blooded, AC +6
a: Breathe Dispelling Energy, Depart the Abyss, Bend Space, Banish, Corrupt,
Renounce Religion


You were on level 5 of the Dungeon.
You worshipped Lugonu.
Lugonu was greatly pleased with you.
You visited 1 branch of the dungeon, and saw 5 of its levels.
You visited the Abyss 1 time.

You collected 129 gold pieces.

Inventory:

Hand Weapons
 a - a +1 spear
 b - a +4 quarterstaff of chaos
 O - a +0 hunting sling
 W - the +5 spear of Articulation (weapon) {flame, Int+2}
   (You found it on level 5 of the Dungeon)

   It has been specially enchanted to burn those struck by it, causing extra
   injury to most foes and up to half again as much damage against particularly
   susceptible opponents.
   It affects your intelligence (+2).
Missiles
 n - 66 stones (quivered)
 s - 5 poisoned darts
 P - 5 silver javelins
 R - 3 silver boomerangs
Armour
 h - a +1 hat of intelligence (worn)
 N - a +0 cloak (worn)
Jewellery
 k - a ring of stealth (left hand)
 r - an uncursed ring of resist corrosion {unknown}
Wands
 p - a wand of paralysis (8)
Scrolls
 i - a scroll of identify
 C - 2 scrolls of remove curse
 F - a scroll of fog
 T - 4 scrolls of teleportation
 V - a scroll of enchant weapon
Potions
 c - a potion of stabbing
 e - 2 potions of flight {unknown}
 f - 3 potions of heal wounds {unknown}
 j - a potion of ambrosia {unknown}
 l - 2 potions of resistance {unknown}
 m - a potion of haste {unknown}
 q - a potion of curing
 L - a potion of lignification
 M - a potion of degeneration


   Skills:
 - Level 3.2 Fighting
 * Level 7.8 Polearms
 - Level 2.1 Dodging
 - Level 2.0 Invocations


You had 6 spell levels left.
You didn't know any spells.
Your spell library was empty.

Dungeon Overview and Level Annotations

Branches:
Dungeon (5/15)
 Temple: D:4-7

Altars:
Vehumet

Annotations:
D:3 1 runed translucent door, alkemann's ghost, amateur SpBr


Innate Abilities, Weirdness & Mutations

You can breathe bolts of dispelling energy.
Your rich purple scales are hard. (AC +6)
You cannot fit into any form of body armour.
You are cold-blooded and may be slowed by cold attacks.


Message History

The adder poisons you! The worker ant misses you.
The scorpion closely misses you. The scorpion stings you.
You feel sick. The adder bites you but does no damage.
The leopard gecko bites you but does no damage.
The worker ant completely misses you. The scorpion stings you!
* * * LOW HITPOINT WARNING * * *
The scorpion stings you!
* * * LOW HITPOINT WARNING * * *
You are more poisoned.
The scorpion poisons you!
* * * LOW HITPOINT WARNING * * *
You feel sick. The adder bites you but does no damage.
The leopard gecko bites you but does no damage.
The worker ant bites you but does no damage.
The scorpion closely misses you. The scorpion stings you.
* * * LOW HITPOINT WARNING * * *
The adder misses you.
The leopard gecko bites you but does no damage.
Unknown command.
You die...

#............._...
#####.#.....#...#.
..........###.##
...........#...#.
.)#.#.#$..........
. #..........#####
#.....5.....#
.#...(sal....#
......s@S###.#
###.##.........
........###.#.#
#....$##.# .#
#..... #.. #
#..... #.## #.....
.# ##### ..


You could see 2 scorpions, a worker ant, an adder, an ufetubus and a leopard
gecko.

Vanquished Creatures
  Sigmund (D:2)
  A jelly (D:3)
  Crazy Yiuf (D:2)
  A hound (D:4)
  Terence (D:2)
  A worker ant (D:4)
  Ijyb (D:3)
  Robin (D:4)
  A howler monkey skeleton (D:4)
  9 adders
  An ooze (D:2)
  3 worms (D:3)
  3 dart slugs
  2 leopard geckos (D:2)
  8 orcs (D:3)
  4 ball pythons
  6 giant cockroaches
  10 hobgoblins
  5 jackals (D:3)
  A quokka (D:3)
  11 bats
  7 frilled lizards
  16 goblins
  7 kobolds
  6 rats
108 creatures vanquished.

Notes
Turn   | Place    | Note
-------+----------+-------------------------------------------
     0 | Abyss:1  | Ge0ff the Draconian Abyssal Knight began the quest for the
                  | Orb.
     0 | Abyss:1  | Reached XP level 1. HP: 19/19 MP: 2/2
    53 | Abyss:1  | Noticed a freezing wraith
    64 | D:1      | Escaped the Abyss
   297 | D:1      | Reached XP level 2. HP: 26/26 MP: 3/3
   414 | D:1      | Reached skill level 3 in Polearms
   748 | D:1      | Reached ** piety under Lugonu
  1147 | D:2      | Reached XP level 3. HP: 31/31 MP: 4/4
  1432 | D:2      | Reached skill level 4 in Polearms
  1908 | D:2      | Noticed Terence
  1932 | D:2      | Killed Terence
  1932 | D:2      | Reached XP level 4. HP: 28/38 MP: 5/5
  2456 | D:2      | Noticed Sigmund
  2608 | D:2      | Killed Sigmund
  2608 | D:2      | Reached skill level 6 in Polearms
  2608 | D:2      | Reached XP level 5. HP: 45/45 MP: 6/6
  2711 | D:2      | Found a runed translucent door.
  2712 | D:2      | Noticed Crazy Yiuf
  2738 | D:2      | Killed Crazy Yiuf
  2738 | D:2      | Reached XP level 6. HP: 25/51 MP: 7/7
  3148 | D:3      | Reached *** piety under Lugonu
  3380 | D:3      | Reached skill level 7 in Polearms
  3623 | D:3      | Noticed Ijyb
  3627 | D:3      | Killed Ijyb
  3731 | D:3      | Found a runed translucent door.
  3732 | D:3      | Noticed alkemann's ghost (amateur SpBr)
  3801 | D:4      | Noticed Robin
  3829 | D:3      | Reached **** piety under Lugonu
  3899 | D:4      | Killed Robin
  4173 | D:4      | Your scales start taking on a rich purple colour.
  4173 | D:4      | Reached XP level 7. HP: 57/57 MP: 8/8
  4178 | D:5      | Entered Level 5 of the Dungeon
  4179 | D:5      | Found a radiant altar of Vehumet.
  4183 | D:5      | Got an iridescent spear
  4183 | D:5      | Identified the +5 spear of Articulation {flame, Int+2} (You
                  | found it on level 5 of the Dungeon)
  4202 | D:5      | HP: 1/57 [scorpion (2)]
  4203 | D:5      | Succumbed to a scorpion's poison

Illustrated notes

Levels and vault maps discovered:
D:1:      dpeg_arrival_arbitrary_b, layout_basic
D:2:      layout_loops_ring, minmay_tetromino_s2, uniq_sigmund, uniq_terence,
          uniq_crazy_yiuf_cottage
D:3:      layout_basic, ebering_ghost_reflecting_pool,
          minmay_fractal_squares_gapless_5, uniq_ijyb
D:4:      layout_basic, bloody_makhleb, nicolae_overflow_hidden_temple,
          minmay_temple_entry_ruins, corexii_corridor_pit,
          minmay_misc_feat_roman, uniq_robin
D:5:      layout_loops_cross, vehumet_crystals

Skill      XL: |  1  2  3  4  5  6 |
---------------+-------------------+-----
Polearms       | 3 4 6 7 |  7.8
Fighting       | |  3.2
Dodging        | |  2.1
Invocations    | |  2.0

Action                   |  1- 3 |  4- 6 |  7- 9 || total
-------------------------+-------+-------+-------++-------
Melee: Spear             |   113 |    59 |       ||   172
       Tailslap          |    13 |    14 |       ||    27
       Quarterstaff      |       |   131 |       ||   131
Throw: Stone             |    54 |    84 |       ||   138
       Dart              |       |    10 |       ||    10
  Use: Potion            |       |     2 |     3 ||     5
       Scroll            |       |       |     5 ||     5
 Stab: Sleeping          |     2 |     1 |       ||     3
Armor: Skin              |    13 |    58 |    20 ||    91
Dodge: Dodged            |    45 |   109 |    34 ||   188

Table legend: (Time is in decaauts)
 A = Elapsed time spent in this place.
 B = Non-inter-level travel time spent in this place.
 C = Inter-level travel time spent in this place.
 D = Time resting spent in this place.
 E = Time spent auto-exploring this place.
 F = Levels seen in this place.
 G = Mean time per level.
                   A        B        C        D        E       F      G
               +--------+--------+--------+--------+--------+-----+--------+
         Total |   4212 |   4119 |     93 |      0 |   3061 |   6 |  702.0 |
       Dungeon |   4148 |   4055 |     93 |      0 |   3055 |   5 |  829.6 |
         Abyss |     64 |     64 |      0 |      0 |      6 |   1 |   64.0 |
               +--------+--------+--------+--------+--------+-----+--------+

Top non-repeatable levels by time:
     D:2: 1699 daAuts
     D:1: 1164 daAuts
     D:3: 914 daAuts
     D:4: 345 daAuts
 Abyss:1: 64 daAuts
     D:5: 24 daAuts
